 Dungeon Crawl Stone Soup version 0.31-a0-750-gfe7b580527 (webtiles) character file.

Game seed: 16972072927393338368

398 randomguy2701 the Chopper (level 6, -18/53 HPs)
             Began as a Hill Orc Fighter on Sept 15, 2023.
             Demolished by an ogre
             ... wielding a +0 giant spiked club
              (30 damage)
             ... on level 3 of the Dungeon.
             The game lasted 00:02:49 (2717 turns).

randomguy2701 the Chopper (Hill Orc Fighter)        Turns: 2717, Time: 00:02:49

Health: -18/53     AC:  8    Str: 19    XL:     6   Next: 83%
Magic:  6/6        EV:  9    Int:  8    God:
Gold:   93         SH:  5    Dex: 12    Spells: 5/5 levels left

rFire   . . .        a - +0 war axe
rCold   . . .        c - +0 buckler
rNeg    . . .        b - +0 scale mail
rPois   .            (no helmet)
rElec   .            (no cloak)
rCorr   .            (no gloves)
SInv    .            l - +0 pair of boots
Will    .....        (no amulet) Stlth
                     (no ring)
HPRegen 0.28/turn    (no ring)
MPRegen 0.10/turn

%: no passive effects
@: mighty
A: no striking features
a: no special abilities


You were on level 3 of the Dungeon.
You visited 1 branch of the dungeon, and saw 4 of its levels.

You collected 93 gold pieces.

Inventory:

Hand Weapons
 a - a +0 war axe (weapon)
Armour
 b - a +0 scale mail (worn)
 c - a +0 buckler (worn)
 l - a +0 pair of boots (worn)
Scrolls
 e - a scroll of amnesia {unknown}
 g - 5 scrolls of identify {unknown}
 i - a scroll of teleportation {unknown}
 n - a scroll of vulnerability {unknown}
 q - a scroll of immolation {unknown}
Potions
 f - a potion of ambrosia {unknown}
 h - a potion of cancellation {unknown}
 j - a potion of heal wounds {unknown}
 k - 3 potions of mutation {unknown}
 m - 2 potions of curing {unknown}
 o - a potion of enlightenment {unknown}
 p - a potion of lignification {unknown}


   Skills:
 + Level 4.7 Fighting
 + Level 6.7 Axes
 + Level 4.7 Armour
 + Level 0.8 Dodging
 + Level 0.1 Stealth
 + Level 4.1 Shields


You had 5 spell levels left.
You didn't know any spells.
Your spell library contained the following spells:

 Spells                   Type           Power      Damage    Failure   Level
 Freeze                   Ice            0%         1d3       83%         1
 Static Discharge         Conj/Air       0%         2-2/arc   93%         2
 Frozen Ramparts          Ice            0%         1d1       99%         3
 Hailstorm                Conj/Ice       0%         3d3       99%         3
 Ozocubu's Armour         Ice            0%         N/A       99%         3
 Tukima's Dance           Hex            0%         N/A       99%         3
 Airstrike                Air            0%         2d(0-16)  100%        4
 Dimensional Bullseye     Hex/Tloc       0%         N/A       100%        4
 Iskenderun's Mystic Bla  Conj/Tloc      0%         2d3       100%        4
 Summon Lightning Spire   Summ/Air       0%         N/A       100%        4
 Metabolic Englaciation   Hex/Ice        0%         N/A       100%        5
 Simulacrum               Ice/Necr       0%         N/A       100%        6


Dungeon Overview and Level Annotations

Branches:
Dungeon (4/15)
 Temple: D:4-7

Altars:

Shops:
D:1 =

Annotations:
D:2 1 runed translucent door, Crazy Yiuf


Message History

You climb downwards.
The gnoll shouts!
The black bear growls angrily.
The jackal barks!
The hound barely misses you. The adder bites you but does no damage.
The jackal barely misses you. The hound barely misses you.
The adder bites you but does no damage. The ogre barely misses you.
The gnoll closely misses you. The hobgoblin closely misses you.
The jackal barely misses you. The hound bites you.
There is a stone staircase leading up, spattered with blood here.
Okay, then.
The adder bites you but does no damage. The gnoll hits you but does no damage.
The hobgoblin barely misses you. The hound closely misses you.
The jackal closely misses you. You block the ogre's attack.
The adder bites you but does no damage.
You climb upwards.
There is a stone staircase leading down, spattered with blood here.
You closely miss the hound. You barely miss the ogre.
The hound bites you but does no damage. The hound bites you.
Unknown command.
Unknown command.
You barely miss the ogre. You closely miss the hound.
The ogre hits you with a +0 giant spiked club!!
Ouch! That really hurt!
The hound bites you but does no damage. You block the hound's attack.
Unknown command.
You slash the hound!
The hound is severely wounded.
You barely miss the ogre. The hound bites you but does no damage.
The ogre hits you with a +0 giant spiked club!
* * * LOW HITPOINT WARNING * * *
Unknown command.
You feel very mighty all of a sudden. The hound barely misses you.
The hound closely misses you. The ogre closely misses you.
You slash the ogre!
The ogre is moderately wounded.
You miss the hound. The hound barely misses you.
The hound bites you but does no damage.
The ogre hits you with a +0 giant spiked club!!
Ouch! That really hurt!
You die...

##### ##...##
#..#..########
####............#
#.....#.........#
#########
#.###...######..#
#.......# #># ##.##
#..####
#.#####.####g####.#
#......
#.####......gh@OS.#
#.#####
#.##........h####.##
#.#####
#.##.#..###### #...#
#...... #.##.#..#
#...# #######
#.......# #...###
####.#.##
##....######## #.#.#
#.##........###
#.#.#
#.#########...#
#####.#.# #.# #####


You could see an ogre, a hound, a gnoll, an adder, a jackal and a hobgoblin.

Vanquished Creatures
  A black bear (D:3)
  An ogre (D:3)
  A hound (D:3)
  5 gnolls
  5 adders
  3 worms (D:2)
  7 dart slugs
  2 orcs (D:3)
  5 endoplasms
  3 giant cockroaches
  9 goblins
  A jackal (D:3)
  4 quokkas
  8 ball pythons
  4 bats
  4 frilled lizards
  4 kobolds
  A rat (D:2)
68 creatures vanquished.

Notes
Turn   | Place    | Note
-------+----------+-------------------------------------------
     0 | D:1      | randomguy2701 the Hill Orc Fighter began the quest for the
                  | Orb.
     0 | D:1      | Reached XP level 1. HP: 19/19 MP: 1/1
   182 | D:1      | Reached XP level 2. HP: 27/27 MP: 2/2
   201 | D:1      | Reached skill level 3 in Axes
   463 | D:1      | Found Fipnizet's One-of-a-Kind Rings.
   813 | D:2      | Reached XP level 3. HP: 33/33 MP: 3/3
  1065 | D:2      | Reached skill level 4 in Axes
  1065 | D:2      | Reached XP level 4. HP: 39/40 MP: 4/4
  1345 | D:2      | Reached XP level 5. HP: 42/46 MP: 5/5
  1492 | D:2      | Found a runed translucent door.
  1493 | D:2      | Noticed Crazy Yiuf
  1636 | D:2      | Reached skill level 5 in Axes
  1876 | D:3      | Noticed a black bear
  1886 | D:3      | Killed a black bear
  1887 | D:3      | Reached XP level 6. HP: 44/53 MP: 6/6
  2346 | D:3      | Reached skill level 6 in Axes
  2710 | D:4      | Noticed a black bear
  2717 | D:3      | Demolished by an ogre

Illustrated notes

Levels and vault maps discovered:
D:1:      eino_arrival_cavern_b, layout_basic, minmay_misc_feat_nine_boxes,
          nicolae_shop_unique_rings
D:2:      layout_loops_ring, nrook_mini_backslash, uniq_crazy_yiuf_cottage
D:3:      layout_loops_ring, minmay_misc_feat_diagonals, minmay_ogre_servants
D:4:      layout_basic, mainiacjoe_overflow_paths, jmf_multi_god_temple,
          minmay_temple_entry_statues, nicolae_shop_sticking_my_neck_out

Skill      XL: |  1  2  3  4  5  6 |
---------------+-------------------+-----
Axes           | 3 4 5 6 |  6.7
Fighting       | 4 |  4.7
Armour         | 4 |  4.7
Shields        | 4 |  4.1
Dodging        | |  0.8
Stealth        | |  0.1

Action                     |  1- 3 |  4- 6 || total
---------------------------+-------+-------++-------
  Melee: War axe           |    83 |   111 ||   194
    Use: Potion            |       |     1 ||     1
 Armour: Scale mail        |    55 |   101 ||   156
  Dodge: Dodged            |    39 |    66 ||   105
  Block: Buckler           |    22 |    30 ||    52

Table legend: (Time is in decaauts)
 A = Elapsed time spent in this place.
 B = Non-inter-level travel time spent in this place.
 C = Inter-level travel time spent in this place.
 D = Time resting spent in this place.
 E = Time spent auto-exploring this place.
 F = Levels seen in this place.
 G = Mean time per level.
                   A        B        C        D        E       F      G
               +--------+--------+--------+--------+--------+-----+--------+
         Total |   2778 |   2729 |     49 |      0 |   2224 |   4 |  694.5 |
       Dungeon |   2778 |   2729 |     49 |      0 |   2224 |   4 |  694.5 |
               +--------+--------+--------+--------+--------+-----+--------+

Top non-repeatable levels by time:
     D:2: 990 daAuts
     D:3: 963 daAuts
     D:1: 814 daAuts
     D:4: 10 daAuts
